Map: Автоматон РВ

Players

Murena

  • Race: Terran Terran
  • Spawn Location: 3:00

ИИ 1 (эксперт) - Winner!

  • Race: Terran Terran
  • Spawn Location: 9:00

VOD

Have the link to the VOD?

Description

Time

  • Played on: April 10, 2019, 5:51 a.m.
  • Length: 3:25
Show
View Real Time Build Order
Export as new Build Order

Murena Terran 

Build Orders:  

Get SALT Encoding   

  12  0:02  SCV  
  13  0:15  Supply Depot  
  13  0:18  SCV  
  14  0:30  SCV  
  15  0:37  Barracks  
  15  0:44  SCV  
  16  0:57  Barracks, SCV  
  17  1:12  Barracks  
  17  1:13  SCV  
  18  1:22  Supply Depot  
  18  1:24  Marine  
  19  1:28  SCV  
  20  1:41  Orbital Command  
  20  1:44  Marine  
  21  1:47  Marine  
  22  1:55  Refinery  
  22  2:00  Marine  
  23  2:02  Marine  
  23  2:06  Marine  
  23  2:07  SCV  
  26  2:18  Refinery  
  26  2:19  Marine  
  26  2:22  Marine  
Show
View Real Time Build Order
Export as new Build Order

ИИ 1 (эксперт) Terran - Winner!

Build Orders:  

Get SALT Encoding   

  12  0:00  SCV  
  13  0:13  SCV  
  14  0:20  Supply Depot  
  14  0:25  SCV  
  15  0:30  Refinery  
  15  0:41  SCV  
  16  0:48  Barracks  
  16  0:53  SCV  
  17  1:05  SCV  
  18  1:17  SCV  
  19  1:36  Marine  
  19  1:38  Orbital Command, Factory  
  19  1:39  Supply Depot  
  20  1:52  Barracks  
  20  1:54  Marine  
  21  2:04  SCV  
  21  2:08  Refinery  
  22  2:12  Marine  
  23  2:16  SCV  
  23  2:22  Supply Depot  
  24  2:24  Factory Tech Lab  
  24  2:28  SCV  
  25  2:30  Marine  
  26  2:39  Marine  
  26  2:44  Siege Tank  
  30  2:46  SCV  
  30  2:49  Marine  
  32  2:57  Marine  
  33  3:01  Supply Depot, SCV  
  34  3:07  Marine  
Tags
 
Add a new tag
Caveats
  • Supply blocks, unpowered buildings, or Contaminate may cause inaccurate times.
  • Supply counts are checked every 10 seconds.